AoeStats
← Shawn96

Lombardia

508739674Analyzed
3v3 RM · 9d ago on Sep 23, 2026· 41m 7s· 6 players
Game mode
Random Map
Map size
Normal (6 player)
Population
200
Speed
Normal
Resources
Standard
Victory
Conquest
Starting age
Dark Age
Ending age
Imperial Age
RankedLock teamsTeams togetherTeam positionsShared explorationLock speedFull tech treeHidden civsTurbo modeCheats
Victory
Defeat
🇺🇸 Dravidians · United States
1343
+13
🇬🇧 Spanish · United Kingdom
1282
+16
🇨🇦 Armenians · Canada
1259
+17
🇺🇸 Berbers · United States
1322
-17
🇺🇸 Teutons · United States
1292
-16
🇺🇸 Cumans · United States
1231
-13
Showergod
11:00 Feudal Age
11:38 Loom
17:51 Castle Age
16:32 Bloodlines
16:30 Double-Bit Axe
16:56 Horse Collar
17:48 Scale Barding Armor
17:52 Gold Mining
18:20 Stone Mining
19:55 Husbandry
22:20 Fletching
23:54 Wheelbarrow
24:56 Padded Archer Armor
26:13 Bodkin Arrow
28:49 Leather Archer Armor
28:57 Forging
30:26 Ballistics
31:24 Bow Saw
31:17 Heavy Plow
31:40 Hand Cart
32:20 Chain Barding Armor
34:46 Iron Casting
37:05 Imperial Age
36:01 Gold Shaft Mining
35:51 Thumb Ring
36:05 Caravan
36:10 Light Cavalry
38:27 Hussar
39:58 Bracer
40:29 Ring Archer Armor
39:43 Elite Genitour
41:02 Crop Rotation
41:36 Chemistry
41:14 Conscription
41:51 Plate Barding Armor
42:17 Blast Furnace
The Sorrow of Moldavia
11:30 Feudal Age
15:14 Loom
20:01 Castle Age
18:57 Double-Bit Axe
18:54 Horse Collar
19:49 Gold Mining
19:49 Stone Mining
20:16 Fletching
27:53 Wheelbarrow
28:04 Forging
28:34 Scale Mail Armor
29:59 Pikeman
31:02 Heavy Plow
34:47 Imperial Age
33:11 Bodkin Arrow
35:24 Padded Archer Armor
35:30 Scale Barding Armor
36:00 Iron Casting
34:54 Cavalier
38:48 Bloodlines
39:41 Chain Barding Armor
cabaron
5:32 Loom
11:33 Feudal Age
19:11 Fletching
19:22 Padded Archer Armor
21:32 Horse Collar
21:42 Double-Bit Axe
23:23 Wheelbarrow
26:16 Castle Age
29:25 Hand Cart
29:26 Bloodlines
31:55 Ballistics
32:22 Heavy Plow
34:49 Stone Mining
34:54 Gold Mining
36:50 Caravan
37:39 Gold Shaft Mining
37:25 Bow Saw
40:49 Imperial Age
39:48 Leather Archer Armor
39:29 Bodkin Arrow
TIGER35397
10:31 Feudal Age
9:45 Loom
14:19 Castle Age
13:16 Double-Bit Axe
22:48 Wheelbarrow
22:31 Bow Saw
23:01 Gold Mining
24:14 Hand Cart
23:44 Horse Collar
24:30 Heavy Plow
30:01 Imperial Age
27:27 Fletching
27:38 Padded Archer Armor
28:30 Bodkin Arrow
29:11 Ballistics
29:15 Leather Archer Armor
30:04 Elite Elephant Archer
31:56 Chemistry
32:37 Bracer
33:07 Thumb Ring
34:20 Ring Archer Armor
33:43 Town Watch
34:34 Siege Elephant
Shawn96
6:40 Loom
9:48 Feudal Age
10:26 Double-Bit Axe
11:19 Horse Collar
17:09 Forging
17:51 Wheelbarrow
17:58 Gold Mining
21:40 Castle Age
19:58 Scale Barding Armor
20:36 Bloodlines
22:38 Bow Saw
23:10 Gold Shaft Mining
22:37 Heavy Plow
23:46 Chain Barding Armor
23:33 Husbandry
25:19 Iron Casting
29:04 Hand Cart
28:37 Town Watch
29:11 Fletching
29:30 Pikeman
30:46 Scale Mail Armor
31:31 Stone Mining
34:31 Town Patrol
37:07 Imperial Age
34:34 Bodkin Arrow
34:56 Chain Mail Armor
35:57 Town Patrol
35:59 Padded Archer Armor
36:02 Squires
35:47 Arson
35:48 Gambesons
35:24 Halberdier
38:47 Blast Furnace
37:15 Cavalier
39:05 Plate Mail Armor
38:36 Bracer
38:58 Treadmill Crane
39:29 Masonry
40:20 Chemistry
40:21 Ballistics
39:31 Man-at-Arms
Calum1Ltv
9:30 Loom
12:00 Feudal Age
12:48 Double-Bit Axe
15:39 Castle Age
14:05 Horse Collar
24:20 Padded Archer Armor
32:10 Bow Saw
33:48 Wheelbarrow
33:46 Leather Archer Armor
34:07 Husbandry
34:17 Bloodlines
38:22 Imperial Age
37:28 Inquisition
39:13 Scale Barding Armor
39:19 Forging
38:31 Cavalier
39:37 Hand Cart
39:33 Caravan
41:51 Chemistry
41:03 Paladin
Connection lost

Rejoining the realm…

Still unreachable

The connection could not be restored.

Session expired

The server has moved on; the page needs a fresh start.